 Dungeon Crawl Stone Soup version 0.26-a0-670-g578ab304f5 (webtiles) character file.

Game seed: 17520023916083595382

210 ANON1729 the Twirler (level 5, 0/46 HPs)
             Began as a Minotaur Wanderer on Oct 18, 2020.
             Slain by a leopard gecko (1 damage)
             ... on level 3 of the Dungeon.
             The game lasted 00:01:13 (2057 turns).

ANON1729 the Twirler (Minotaur Wanderer)            Turns: 2057, Time: 00:01:14

Health: 0/46       AC:  2    Str: 19    XL:     5   Next: 57%
Magic:  4/4        EV: 11    Int: 10    God:
Gold:   112        SH:  0    Dex:  7    Spells: 4/4 levels left

rFire    . . .     SeeInvis .   a - +2 hand axe
rCold    . . .     Faith    .   (no shield)
rNeg     . . .     Spirit   .   d - +0 robe
rPois    .         Reflect  .   (helmet restricted)
rElec    .         Harm     .   (no cloak)
rCorr    .         Rampage  .   (no gloves)
MR       .....                  (no boots)
Stlth    +.........             (no amulet)
HPRegen  0.15/turn              (no ring)
MPRegen  0.09/turn              (no ring)

@: lethally poisoned (0 -> -3)
A: retaliatory headbutt, horns 2
a: no special abilities


You were on level 3 of the Dungeon.
You visited 1 branch of the dungeon, and saw 3 of its levels.

You collected 112 gold pieces.

Inventory:

Hand Weapons
 a - a +2 hand axe (weapon)
 c - a +0 quarterstaff
Armour
 d - a +0 robe (worn)
Jewellery
 m - an uncursed amulet of faith {unknown}
 n - a +4 ring of protection
Scrolls
 b - a scroll of teleportation
 g - 2 scrolls of identify {unknown}
 i - a scroll of remove curse {unknown}
 j - a scroll of fear {unknown}
Potions
 e - a potion of haste {unknown}
 f - 2 potions of lignification {unknown}
 h - a potion of berserk rage {unknown}
 k - a potion of stabbing {unknown}
 l - a potion of mutation {unknown}


   Skills:
 + Level 3.8 Fighting
 + Level 3.8 Axes
 + Level 4.7 Staves
 + Level 2.5 Throwing
 + Level 3.1 Armour
   Level 1.2 Shields


You had 4 spell levels left.
You didn't know any spells.
Your spell library was empty.

Dungeon Overview and Level Annotations

Branches:
Dungeon (3/15)

Altars:


Innate Abilities, Weirdness & Mutations

You reflexively headbutt those who attack you in melee.
You have a pair of horns on your head.


Message History

There is a stone staircase leading up here.
The leopard gecko hisses angrily.
The bat hits you but does no damage.
A kobold comes into view. It is wielding a +0 short sword.
The kobold shouts!
The kobold throws a stone.
The stone hits you.
* * * LOW HITPOINT WARNING * * *
You see here a stone.
The bat closely misses you. The adder bites you.
* * * LOW HITPOINT WARNING * * *
You are poisoned.
The adder poisons you! The leopard gecko bites you.
* * * LOW HITPOINT WARNING * * *
You hit the adder. You headbutt the adder!
You kill the adder!
You hit the leopard gecko.
* * * LOW HITPOINT WARNING * * *
You feel sick.
The bat closely misses you. x2; You furiously retaliate!
You headbutt the bat, but do no damage. The leopard gecko bites you.
You die...

# #.....#......
#.##...... ..... #
#........#......
..#..#.....#......
.........>........
...#......<.#....
..#..........#..
..K....b(......#
..#...@.........$
.......l.....$####
.^..............
.......$......###
####.........##
#..........#
#..........#
#..........#


You could see a leopard gecko, a bat and a kobold.

Vanquished Creatures
  Sigmund (D:2)
  2 adders
  A worm (D:2)
  A leopard gecko (D:2)
  3 bats
  2 giant cockroaches
  4 goblins
  3 hobgoblins
  5 jackals (D:2)
  2 frilled lizards (D:2)
  3 kobolds
  8 rats
35 creatures vanquished.

Notes
Turn   | Place    | Note
-------+----------+-------------------------------------------
     0 | D:1      | ANON1729 the Minotaur Wanderer began the quest for the Orb.
     0 | D:1      | ANON1729 set off with the following items: a +2 hand axe, a
                  | scroll of teleportation, a +0 quarterstaff, a +0 robe
     0 | D:1      | Reached XP level 1. HP: 18/18 MP: 0/0
   409 | D:1      | Reached XP level 2. HP: 17/25 MP: 1/1
  1564 | D:2      | Reached skill level 4 in Staves
  1564 | D:2      | Reached XP level 3. HP: 14/30 MP: 2/2
  2009 | D:2      | Noticed Sigmund
  2019 | D:2      | Killed Sigmund
  2019 | D:2      | Reached XP level 4. HP: 8/40 MP: 3/3
  2019 | D:2      | Reached XP level 5. HP: 9/46 MP: 4/4
  2056 | D:3      | HP: 2/46 [leopard gecko (5)]
  2057 | D:3      | Slain by a leopard gecko

Illustrated notes

Levels and vault maps discovered:
D:1:      dpeg_arrival_arbitrary_c, layout_basic
D:2:      layout_rooms, minmay_misc_feat_cross, uniq_robin, uniq_sigmund
D:3:      layout_rooms, fedhas_ov_isle_minmay

Skill      XL: |  1  2  3 |
---------------+----------+-----
Staves         | 4 |  4.7
Armour         | 2 3 |  3.1
Axes           | 3 |  3.8
Fighting       | 3 |  3.8
Throwing       | 2 |  2.5
Shields        | |  1.2

Action                   |  1- 3 |  4- 6 || total
-------------------------+-------+-------++-------
Melee: Hand axe          |    70 |     1 ||    71
       Headbutt          |     6 |     1 ||     7
Armor: Robe              |    14 |     1 ||    15
Dodge: Dodged            |    45 |     3 ||    48

Table legend: (Time is in decaauts)
 A = Elapsed time spent in this place.
 B = Non-inter-level travel time spent in this place.
 C = Inter-level travel time spent in this place.
 D = Time resting spent in this place.
 E = Time spent auto-exploring this place.
 F = Levels seen in this place.
 G = Mean time per level.
                   A        B        C        D        E       F      G
               +--------+--------+--------+--------+--------+-----+--------+
         Total |   2067 |   2024 |     43 |    212 |   1623 |   3 |  689.0 |
       Dungeon |   2067 |   2024 |     43 |    212 |   1623 |   3 |  689.0 |
               +--------+--------+--------+--------+--------+-----+--------+

Top non-repeatable levels by time:
     D:1: 1250 daAuts
     D:2: 813 daAuts
     D:3: 3 daAuts
